AoeStats
← Gim

Arena

507060376Analyzed
4v4 RM · 15d ago on Sep 16, 2026· 53m 38s· 8 players
Game mode
Random Map
Map size
Large (8 player)
Population
200
Speed
Normal
Resources
Standard
Victory
Conquest
Starting age
Dark Age
Ending age
Imperial Age
RankedLock teamsTeams togetherTeam positionsShared explorationLock speedFull tech treeHidden civsTurbo modeCheats
Victory
Defeat
🇮🇹 Spanish · Italy
1259
+15
🇦🇺 Armenians · Australia
1256
+15
🇨🇳 Portuguese · China
1255
+16
🇦🇺 Celts · Australia
1234
+16
🇨🇳 Bengalis · China
1258
-16
🇨🇳 Vikings · China
1255
-16
🇷🇺 Saracens · Russia
1239
-15
🇨🇳 Bohemians · China
1225
-15
[-----3cm-----]
10:41 Feudal Age
15:40 Castle Age
13:54 Double-Bit Axe
14:24 Horse Collar
17:20 Loom
24:14 Bow Saw
24:36 Stone Mining
24:37 Gold Mining
24:50 Heavy Plow
28:46 Scale Barding Armor
31:45 Imperial Age
29:53 Wheelbarrow
29:05 Town Watch
30:24 Chain Barding Armor
30:38 Forging
30:48 Bloodlines
30:39 Husbandry
31:21 Gold Shaft Mining
31:05 Hand Cart
31:18 Town Patrol
31:37 Scale Mail Armor
31:01 Light Cavalry
32:00 Hussar
33:02 Conscription
33:49 Plate Barding Armor
33:51 Iron Casting
33:09 Elite Mameluke
33:34 Treadmill Crane
33:19 Pikeman
33:26 Elite Skirmisher
35:23 Two-Man Saw
36:45 Blast Furnace
40:20 Man-at-Arms
40:46 Gambesons
41:02 Squires
41:20 Chain Mail Armor
41:15 Arson
41:35 Long Swordsman
43:13 Plate Mail Armor
42:27 Two-Handed Swordsman
43:28 Fortified Wall
43:23 Champion
44:51 Counterweights
44:33 Onager
46:55 Siege Onager
你好
10:17 Feudal Age
11:17 Double-Bit Axe
14:04 Castle Age
12:28 Horse Collar
15:16 Bow Saw
15:38 Heavy Plow
20:34 Loom
20:41 Fletching
我要压力你了
5:29 Loom
10:20 Feudal Age
14:21 Castle Age
12:28 Double-Bit Axe
12:49 Horse Collar
15:46 Bow Saw
23:26 Chemistry
muui
10:26 Loom
12:33 Feudal Age
16:41 Castle Age
15:47 Town Watch
15:55 Double-Bit Axe
19:30 Horse Collar
24:19 Bow Saw
27:08 Paiks
27:02 Gold Mining
27:27 Heavy Plow
27:22 Stone Mining
28:39 Wheelbarrow
32:21 Imperial Age
30:35 Gold Shaft Mining
30:51 Hand Cart
30:29 Treadmill Crane
31:51 Scale Barding Armor
31:57 Forging
32:10 Fortified Wall
32:24 Bloodlines
34:41 Iron Casting
34:20 Masonry
34:59 Chain Barding Armor
36:25 Plate Barding Armor
36:50 Blast Furnace
35:18 Light Cavalry
36:43 Husbandry
41:10 Blast Furnace
Banana
10:29 Feudal Age
14:12 Castle Age
12:23 Double-Bit Axe
12:33 Horse Collar
15:24 Bow Saw
21:42 Wheelbarrow
23:50 Hand Cart
31:43 Imperial Age
29:46 Loom
29:46 Town Watch
31:41 Heavy Plow
33:08 Capped Ram
33:51 Scale Mail Armor
34:01 Forging
33:54 Pikeman
34:50 Chain Mail Armor
34:01 Siege Ram
34:57 Gold Mining
34:42 Halberdier
35:59 Iron Casting
36:41 Plate Mail Armor
Apple
10:06 Feudal Age
11:44 Man-at-Arms
12:19 Loom
13:21 Long Swordsman
17:55 Double-Bit Axe
19:25 Forging
19:15 Scale Mail Armor
22:01 Pikeman
27:46 Castle Age
26:44 Arson
28:04 Two-Handed Swordsman
28:29 Gambesons
28:46 Squires
30:50 Bow Saw
34:27 Gold Mining
34:27 Stone Mining
34:24 Loom
35:15 Wheelbarrow
36:25 Hand Cart
39:49 Imperial Age
37:32 Fletching
37:42 Padded Archer Armor
38:05 Ballistics
39:54 Bodkin Arrow
40:14 Leather Archer Armor
40:37 Bracer
41:48 Ring Archer Armor
42:01 Gold Shaft Mining
Gim
9:54 Feudal Age
13:56 Castle Age
12:25 Double-Bit Axe
18:40 Loom
23:58 Bow Saw
26:20 Wheelbarrow
26:53 Gold Mining
31:16 Imperial Age
28:47 Horse Collar
29:19 Stone Mining
31:01 Heavy Plow
31:31 Hand Cart
32:11 Ballistics
32:19 Conscription
33:06 Stone Shaft Mining
32:13 Elite Organ Gun
35:35 Chemistry
35:39 Siege Engineers
36:06 Arquebus
35:48 Pikeman
36:29 Scale Mail Armor
37:45 Chain Mail Armor
36:59 Halberdier
39:37 Forging
40:01 Bombard Tower
40:33 Coinage
41:50 Plate Mail Armor
42:25 Treadmill Crane
42:55 Masonry
46:00 Architecture
45:41 Fortified Wall
47:15 Iron Casting
52:31 Two-Man Saw
52:02 Crop Rotation
52:13 Man-at-Arms
53:04 Town Watch
53:53 Town Patrol
lillithadam20
11:23 Feudal Age
14:54 Castle Age
12:56 Double-Bit Axe
13:31 Horse Collar
16:03 Bow Saw
21:34 Wheelbarrow
24:51 Hand Cart
29:19 Imperial Age
26:36 Loom
26:55 Gold Mining
26:56 Stone Mining
28:24 Fervor
28:47 Heavy Plow
29:23 Scale Barding Armor
29:29 Forging
29:20 Padded Archer Armor
30:42 Supremacy
30:44 Conscription
37:54 Illumination
38:03 Illumination
37:54 Block Printing
38:18 Theocracy
48:28 Chain Barding Armor
48:44 Iron Casting
48:10 Scale Mail Armor
48:01 Fletching
48:27 Masonry
50:53 Plate Barding Armor
51:19 Blast Furnace
51:46 Chain Mail Armor
51:29 Bodkin Arrow
51:50 Leather Archer Armor
52:07 Architecture
51:58 Ballistics
52:39 Chemistry
51:36 Murder Holes
51:53 Fortified Wall
52:08 Spies/Treason
Connection lost

Rejoining the realm…

Still unreachable

The connection could not be restored.

Session expired

The server has moved on; the page needs a fresh start.